[ AOE2 MATCH · #462140331 ]
UnrankedAztecs vs Tatars
[ REPLAY ANALYSIS · EXTRACTED FROM THE RECORDED GAME ]
Feudal
—
Castle
—
Imperial
—
| APM avg | 4.4 |
| APM peak | 4 |
| eAPM avg | 4.4 |
| Villagers / military | 0 / 0 |
Feudal
—
Castle
—
Imperial
—
| APM avg | 7.7 |
| APM peak | 7 |
| eAPM avg | 7.7 |
| Villagers / military | 3 / 0 |
Focus
⚔️ 0.0% · 🌾 100.0%
Feudal
—
Castle
—
Imperial
—
| APM avg | 18.7 |
| APM peak | 17 |
| eAPM avg | 9.9 |
| Villagers / military | 2 / 0 |
Focus
⚔️ 0.0% · 🌾 100.0%
Feudal
—
Castle
—
Imperial
—
| APM avg | 68.3 |
| APM peak | 62 |
| eAPM avg | 15.4 |
| Villagers / military | 4 / 0 |
Focus
⚔️ 0.0% · 🌾 100.0%
Feudal
—
Castle
—
Imperial
—
| APM avg | 1.1 |
| APM peak | 1 |
| eAPM avg | 1.1 |
| Villagers / military | 0 / 0 |
Feudal
—
Castle
—
Imperial
—
| APM avg | 83.7 |
| APM peak | 76 |
| eAPM avg | 24.2 |
| Villagers / military | 5 / 0 |
Focus
⚔️ 31.2% · 🌾 68.8%
Feudal
—
Castle
—
Imperial
—
| APM avg | 11.0 |
| APM peak | 10 |
| eAPM avg | 11.0 |
| Villagers / military | 3 / 0 |
Focus
⚔️ 0.0% · 🌾 100.0%
Feudal
—
Castle
—
Imperial
—
| APM avg | 44.1 |
| APM peak | 40 |
| eAPM avg | 14.3 |
| Villagers / military | 4 / 0 |
Focus
⚔️ 0.0% · 🌾 100.0%
Match map
Initial resources + every placement click. Lines = walls · curves = elevation contours. ◆ gold · ⬟ stone · ● berries · ✦ relic · ◌ wall gap
Your base
DoubleZX's base
Madbun's base
Chris's base
q|o,o|p's base
Bread Pudding With Bum Sauce's base
16spritecranberry's base
JadeArrowGamer's base
Smoothed initial terrain · ◌ = detected wall gap · hover for details
Inputs per minute
— [FaFi] thomas.3 - - DoubleZX
Build order — [FaFi] thomas.3
0 actions detected in the replay
Build order — DoubleZX
4 actions detected in the replay
| 0:00 | Create | Villager (Male) |
| 0:01 | Create | Villager (Male) |
| 0:01 | Create | Villager (Male) |
| 0:02 | Build | House |
Build order — Madbun
4 actions detected in the replay
| 0:01 | Create | Villager (Male) |
| 0:01 | Create | Villager (Male) |
| 0:02 | Build | House |
| 0:09 | Build | House |
Build order — Chris
6 actions detected in the replay
| 0:03 | Build | House |
| 0:04 | Create | Villager (Male) |
| 0:04 | Create | Villager (Male) |
| 0:04 | Create | Villager (Male) |
| 0:05 | Create | Villager (Male) |
| 0:07 | Build | House |
Build order — q|o,o|p
0 actions detected in the replay
Build order — Bread Pudding With Bum Sauce
7 actions detected in the replay
| 0:01 | Create | Villager (Male) |
| 0:01 | Create | Villager (Male) |
| 0:01 | Create | Villager (Male) |
| 0:03 | Build | House |
| 0:04 | Build | House |
| 0:12 | Create | Villager (Male) |
| 0:13 | Create | Villager (Male) |
Build order — 16spritecranberry
3 actions detected in the replay
| 0:01 | Create | Villager (Male) |
| 0:01 | Create | Villager (Male) |
| 0:01 | Create | Villager (Male) |
Build order — JadeArrowGamer
3 actions detected in the replay
| 0:01 | Create | Villager (Male) ×4 |
| 0:03 | Build | House |
| 0:04 | Build | House |
Match timeline
| 0:01 | q|o,o|p · resign |
[ AI ANALYSIS · 1 CREDIT ]
What really happened in this match?
Wolo.gg analyzes every decision: build order, eco, micro, common mistakes by bracket. Personalized analysis on WhatsApp or Discord in 30 seconds.
Civ guide
Aztecs
Perfil
[FaFi] thomas.3